 Dungeon Crawl Stone Soup version 0.20.1-1-g8b1a95d (webtiles) character file.

715 Monsterracer the Gusty (level 7, -8/39 HPs)
             Began as a Tengu Air Elementalist on Aug 5, 2017.
             Mangled by Duvessa
             ... wielding a +0 short sword
              (11 damage)
             ... on level 4 of the Dungeon.
             The game lasted 00:14:46 (4203 turns).

Monsterracer the Gusty (Tengu Air Elementalist)     Turns: 4203, Time: 00:14:47

Health: -8/39      AC:  2    Str:  9    XL:     7   Next: 69%
Magic:  3/13       EV: 13    Int: 17    God:
Gold:   244        SH:  0    Dex: 14    Spells: 3/13 levels left

rFire    . . .     SeeInvis .   d - +1 dagger
rCold    . . .     Gourm    .   (no shield)
rNeg     . . .     Faith    .   a - +0 robe
rPois    .         Spirit   .   (helmet restricted)
rElec    .         Reflect  .   (no cloak)
rCorr    .         Harm     .   (no gloves)
MR       .....                  (boots unavailable)
Stlth    +++.......             y - amulet of magic regeneration
Regen    0.2/turn               j - ring of stealth
MPRegen  0.2/turn               B - ring of wizardry

@: no status effects
A: beak, talons 3, able to fly 1
a: Fly


You were on level 4 of the Dungeon.
You were hungry.

You visited 1 branch of the dungeon, and saw 5 of its levels.

You collected 244 gold pieces.

Inventory:

Hand Weapons
 d - a +1 dagger (weapon)
Armour
 a - a +0 robe (worn)
Jewellery
 j - a ring of stealth (left hand)
 v - an uncursed ring of ice
 y - an amulet of magic regeneration (around neck)
 B - a ring of wizardry (right hand)
Scrolls
 k - a scroll of magic mapping
 m - 2 scrolls of enchant weapon
 o - a scroll of amnesia {unknown}
 p - 5 scrolls of remove curse
 t - 2 scrolls of blinking
 u - a scroll of noise {unknown}
 z - a scroll of random uselessness {unknown}
 A - a scroll of teleportation {unknown}
Potions
 e - 2 potions of mutation {unknown}
 f - 2 potions of curing {unknown}
 h - 2 potions of brilliance
 l - 2 potions of might
 n - a potion of heal wounds {unknown}
 q - a potion of berserk rage
 r - 3 potions of flight
 x - a potion of haste {unknown}
 C - a potion of cancellation {unknown}
 D - a potion of agility {unknown}
Books
 b - a book of Air

   Spells                             Type                      Level
   a - Shock                          Conjuration/Air              1
   b - Swiftness                      Charms/Air                   2
   c - Static Discharge               Conjuration/Air              3
   d - Airstrike                      Air                          4
   e - Lightning Bolt                 Conjuration/Air              5
Comestibles
 c - 2 bread rations
 g - a meat ration
 i - 2 royal jellies
 s - 3 fruits


   Skills:
 + Level 1.9 Fighting
 + Level 3.4 Dodging
 - Level 2.0 Stealth
 + Level 3.5 Spellcasting
 + Level 5.8 Conjurations
 * Level 7.7 Air Magic


You had 3 spell levels left.
You knew the following spells:

 Your Spells              Type           Power        Failure   Level  Hunger
a - Shock                 Conj/Air       ####         1%          1    None
b - Swiftness             Chrm/Air       ###.....     1%          2    ##.....
c - Static Discharge      Conj/Air       ####....     1%          3    ###....
d - Airstrike             Air            ####......   2%          4    ####...


Dungeon Overview and Level Annotations

Branches:
Dungeon (5/15)             Temple (0/1) D:4

Altars:
Yredelemnul

Annotations:
D:4 Duvessa


Innate Abilities, Weirdness & Mutations

You have a beak for a mouth.
You have claws for feet.
You can fly.


Message History

Aiming: Shock
Press: ? - help, Shift-Dir - straight line The zap hits Duvessa.
Duvessa is severely wounded.
The zap hits Duvessa.
Duvessa appears unharmed.
Duvessa is severely wounded.
Duvessa hits you with a short sword.
* * * LOW HITPOINT WARNING * * *
Duvessa closely misses you.
Huge Dmg: -10%(-4hp) hp: 8%(3hp)
Casting: Shock
Confirm with . or Enter, or press ? or * to list all spells.
Aiming: Shock
Press: ? - help, Shift-Dir - straight line The zap hits Duvessa.
Duvessa is severely wounded.
The zap hits Duvessa.
Duvessa appears unharmed.
Duvessa is severely wounded.
Duvessa hits you with a short sword!
You die...

#.#####.### #.# #.#
#####.# #.# #.....# #.#
#.##### #.# #.# #.###
#.# #.... #####.# #####
#.@[..#
#e###.#############
****##.######.....#.....
*,,,#...#...#####.#.####
*,⌠,#.⌠...⌠.# #.#.###
*,,,#...#...# #.....#
**,*##)###### #.#.#.##
*,,,#...#,,,* #......#
*,⌠...⌠...⌠,* #.#.#..#


You could see Duvessa (berserk).

Vanquished Creatures
  Grinder (D:4)
  An ogre (D:4)
  Dowan (D:4)
  A howler monkey (D:4)
  A hound (D:4)
  3 orc wizards (D:4)
  Terence (D:2)
  4 worker ants (D:4)
  A hound skeleton (D:4)
  A gnoll (D:1)
  2 adders
  An ooze (D:2)
  An adder skeleton (D:4)
  A worm (D:2)
  A dart slug (D:1)
  4 leopard geckos
  9 orcs
  3 giant cockroaches
  6 goblins
  2 hobgoblins
  6 jackals (D:3)
  10 kobolds
  5 quokkas
  5 bats
  2 frilled lizards
  8 rats
81 creatures vanquished.

Notes
Turn   | Place    | Note
-------+----------+-------------------------------------------
     0 | D:1      | Monsterracer the Tengu Air Elementalist began the quest for the Orb.
     0 | D:1      | Reached XP level 1. HP: 10/10 MP: 4/4
   224 | D:1      | Reached XP level 2. HP: 15/15 MP: 3/6
   256 | D:1      | Learned a level 2 spell: Swiftness
   766 | D:2      | Reached XP level 3. HP: 19/19 MP: 1/7
   771 | D:2      | Learned a level 3 spell: Static Discharge
  1197 | D:2      | Found a basalt altar of Yredelemnul.
  1288 | D:2      | Noticed Terence
  1309 | D:2      | Killed Terence
  1309 | D:2      | Reached XP level 4. HP: 22/24 MP: 0/8
  1393 | D:3      | Reached skill level 5 in Air Magic
  2609 | D:4      | Gained mutation: You can fly. [Tengu growth]
  2609 | D:4      | Reached XP level 5. HP: 27/28 MP: 7/9
  2710 | D:4      | You fall through a shaft!
  2710 | D:5      | Entered Level 5 of the Dungeon
  2710 | D:5      | Noticed a centaur
  2721 | D:4      | HP: 12/28 [adder (3)]
  3008 | D:4      | Noticed Grinder
  3011 | D:4      | Paralysed by Grinder for 5 turns
  3294 | D:4      | Reached skill level 6 in Air Magic
  3370 | D:4      | Reached skill level 5 in Conjurations
  3370 | D:4      | Reached XP level 6. HP: 32/32 MP: 6/11
  3376 | D:4      | Learned a level 4 spell: Airstrike
  3467 | D:4      | HP: 15/32 [Grinder/nerve-wracking pain (7)]
  3476 | D:4      | Paralysed by Grinder for 6 turns
  3499 | D:4      | HP: 16/32 [Grinder/nerve-wracking pain (2)]
  3502 | D:4      | Killed Grinder
  3502 | D:4      | Reached skill level 1 in Fighting
  3730 | D:4      | Reached XP level 7. HP: 31/38 MP: 8/12
  3925 | D:4      | Reached skill level 7 in Air Magic
  4136 | D:4      | Found a staircase to the Ecumenical Temple.
  4137 | D:4      | Noticed Dowan
  4186 | D:4      | Noticed Duvessa
  4198 | D:4      | Killed Dowan
  4200 | D:4      | HP: 18/39 [Duvessa/short sword (8)]
  4201 | D:4      | HP: 7/39 [Duvessa/short sword (11)]
  4202 | D:4      | HP: 3/39 [Duvessa/short sword (5)]
  4203 | D:4      | Mangled by Duvessa

Skill      XL: |  1  2  3  4  5  6  7 |
---------------+----------------------+-----
Conjurations   | 2 3 4 5 |  5.8
Air Magic      | 5 6 7 |  7.7
Fighting       | 1 |  1.9
Spellcasting   | 3 |  3.5
Dodging        | 3 |  3.4
Stealth        | |  2.0

Action                   |  1- 3 |  4- 6 |  7- 9 || total
-------------------------+-------+-------+-------++-------
Melee: Unarmed           |     1 |       |       ||     1
       Peck              |     1 |       |       ||     1
       Dagger            |    10 |     6 |     5 ||    21
       Kick              |     1 |     2 |     1 ||     4
 Cast: Shock             |    43 |    95 |    36 ||   174
       Swiftness         |     1 |     2 |       ||     3
       Static Discharge  |       |     2 |       ||     2
       Airstrike         |       |     3 |       ||     3
 Abil: Fly               |       |     2 |     2 ||     4
  Use: Scroll            |       |     8 |       ||     8
  Eat: Chunk             |     2 |     8 |     1 ||    11
       Fruit             |       |     1 |       ||     1
Armor: Robe              |     3 |     5 |     1 ||     9
Dodge: Dodged            |    13 |    28 |    10 ||    51
